 Dungeon Crawl Stone Soup version 0.16-a0-3458-g6d2551d (webtiles) character file.

22764 stonewall the Cruncher (level 12, 0/97 HPs)
             Began as a Mummy Arcane Marksman on Jan 1, 2015.
             Was a High Priest of Trog.
             Slain by a ten-headed hydra (4 damage)
             ... on level 4 of the Lair of Beasts.
             The game lasted 00:31:39 (17219 turns).

stonewall the Cruncher (Mummy Arcane Marksman)     Turns: 17219, Time: 00:31:40

Health: 0/97       AC: 18    Str: 20    XL:     12   Next: 65%
Magic:  15/15      EV: 14    Int: 12    God:    Trog [*****.]
Gold:   930        SH:  0    Dex: 14    Spells: 0 memorised, 13 levels left

rFire  . . .     SeeInvis .     P - +4 lajatang (elec)
rCold  + + .     Clarity  .     g - +1 plate armour
rNeg   + + +     SustAb   .     (no shield)
rPois  ∞         Gourm    .     t - +0 helmet "Anleaxur" {Str+2 Dex+3} (curse)
rElec  +         Spirit   .     r - +0 cloak of Starlight {rElec rC+ EV+4 Stlth-}
rCorr  .         Warding  .     L - +0 pair of gloves
rMut   .         Stasis   .     (no boots)
MR     +....                    (no amulet)
Stlth  ..........               y - ring of protection from fire
                                x - +3 ring of evasion

@: about to teleport, somewhat resistant to hostile enchantments, extremely
unstealthy
A: no food or potions, fire vulnerability, restore body, cold resistance 1,
negative energy resistance 3, poison resistance, torment resistance, unbreathing
a: Burn Spellbooks, Trog's Hand, Brothers in Arms, Renounce Religion


You were on level 4 of the Lair of Beasts.
You worshipped Trog.
Trog was extremely pleased with you.
You were not hungry.

You visited 2 branches of the dungeon, and saw 15 of its levels.

You collected 930 gold pieces.

Inventory:

Hand weapons
 b - a +0 hunting sling
 j - a +4 antimagic quarterstaff
 l - a +4 quarterstaff of freezing
 o - a -1 dagger
 z - a +0 blowgun
 J - the +2 hunting sling of Sudden Death {venom, Str+2}
   (Trog gifted it to you on level 11 of the Dungeon)

   It poisons the ammo it fires.
   It affects your strength (+2).
 P - a +4 lajatang of electrocution (weapon)
Missiles
 f - 372 stones (quivered)
 n - 107 sling bullets
 D - 16 poisoned needles
 E - 19 poisoned sling bullets
 N - 12 exploding sling bullets
Armour
 a - a +0 robe
 g - a +1 plate armour (worn)
 m - a +0 cloak
 r - the +0 cloak of Starlight (worn) {rElec rC+ EV+4 Stlth-}
   (You acquired it on level 8 of the Dungeon)

   It affects your evasion (+4).
   It protects you from cold.
   It insulates you from electricity.
   It makes you less stealthy.
 t - the cursed +0 helmet "Anleaxur" (worn) {Str+2 Dex+3}
   (You found it on level 5 of the Dungeon)

   It affects your strength (+2).
   It affects your dexterity (+3).
   It has a curse placed upon it.
 w - a +2 cloak
 L - a +0 pair of gloves (worn)
Jewellery
 x - a +3 ring of evasion (left hand)
 y - a ring of protection from fire (right hand)
 Q - an uncursed ring of ice {unknown}
 R - a cursed amulet of resist corrosion {unknown}
Magical devices
 i - a wand of digging (7)
 s - a wand of polymorph (5)
 u - a wand of fire (12)
 A - a wand of draining (1)
 C - a wand of paralysis (9)
 H - a wand of flame (16)
 I - a wand of cold (6)
 S - a wand of magic darts (30)
Scrolls
 e - a scroll of noise
 h - 12 scrolls of remove curse
 k - a scroll of recharging
 p - 4 scrolls of identify
 q - 2 scrolls of random uselessness
 B - a scroll of amnesia
 G - 2 scrolls of teleportation
 K - a scroll of magic mapping
 O - 3 scrolls of enchant armour
Books
 c - a book of the Sky

   Spells                             Type                      Level
   a - Flight                         Charms/Air                   3
   b - Airstrike                      Air                          4
   c - Silence                        Hexes/Air                    5
   d - Deflect Missiles               Charms/Air                   6
   e - Conjure Ball Lightning         Conjuration/Air              6
   f - Tornado                        Air                          9
   Trog disapproves of the use of such an item.
 d - a book of Debilitation

   Spells                             Type                      Level
   a - Corona                         Hexes                        1
   b - Slow                           Hexes                        2
   c - Inner Flame                    Hexes/Fire                   3
   d - Enslavement                    Hexes                        4
   e - Cause Fear                     Hexes                        4
   f - Leda's Liquefaction            Hexes/Earth                  4
   Trog disapproves of the use of such an item.
 v - a book of Maledictions

   Spells                             Type                      Level
   a - Corona                         Hexes                        1
   b - Sure Blade                     Hexes/Charms                 2
   c - Ensorcelled Hibernation        Hexes/Ice                    2
   d - Confuse                        Hexes                        3
   e - Dazzling Spray                 Conjuration/Hexes            3
   f - Enslavement                    Hexes                        4
   Trog disapproves of the use of such an item.
 F - a book of Enchantments

   Spells                             Type                      Level
   a - Tukima's Dance                 Hexes                        3
   b - Cause Fear                     Hexes                        4
   c - Silence                        Hexes/Air                    5
   d - Deflect Missiles               Charms/Air                   6
   e - Haste                          Charms                       6
   f - Discord                        Hexes                        8
   Trog disapproves of the use of such an item.
 M - a book of Minor Magic

   Spells                             Type                      Level
   a - Magic Dart                     Conjuration                  1
   b - Blink                          Translocation                2
   c - Call Imp                       Summoning                    2
   d - Repel Missiles                 Charms/Air                   2
   e - Slow                           Hexes                        2
   f - Conjure Flame                  Conjuration/Fire             3
   g - Mephitic Cloud                 Conjuration/Poison/Air       3
   Trog disapproves of the use of such an item.


   Skills:
 + Level 9.9 Fighting
 - Level 14.0 Staves
 - Level 1.5 Slings
 + Level 6.8 Armour
 - Level 1.5 Dodging
 - Level 1.0 Spellcasting
   Level 2.6 Hexes


You had 13 spell levels left.
You didn't know any spells.

Dungeon Overview and Level Annotations

Branches:
Dungeon (11/15)            Temple (0/1) D:5            Lair (4/8) D:11
 Shoals (0/5) Lair:3          Orc (0/4) D:9
  Snake: Lair:3-6    Spider: Lair:3-6

Altars:
Ashenzari
Elyvilon
Gozag
Makhleb
Nemelex Xobeh
Okawaru
Trog
Xom
Yredelemnul
The Shining One

Annotations:
D:8 runed door


Innate Abilities, Weirdness & Mutations

You do not eat or drink.
Your flesh is vulnerable to fire.
Your flesh is cold resistant.
You are immune to negative energy.
Your system is resistant to poisons.
You are immune to unholy pain and torment.
You can survive without breathing.


Message History

* * * LOW HITPOINT WARNING * * *
The nine-headed hydra completely misses you.
The nine-headed hydra barely misses you.
Unknown command.
Unknown command.
Unknown command.
Unknown command.
Unknown command.
Read which item? (? for menu, Esc to quit)
Okay, then.
Unknown command.
You lop one of the nine-headed hydra's heads off!
The eight-headed hydra grows two more!
You hit the ten-headed hydra.
The ten-headed hydra is lightly wounded.
The sheep bites you but does no damage. The sheep barely misses you.
The ten-headed hydra barely misses you. The ten-headed hydra bites you!
* * * LOW HITPOINT WARNING * * *
The ten-headed hydra bites you but does no damage.
The ten-headed hydra bites you.
You die...

#.......#.#
##.......r.###
#...r$.Y.....####
P......#...#....#P.#
.....#r#.#.#......#..
......# #.##.........
S.Y... #.#.........
.>..


#YYY# .... ... #@# ... # #D# . #r. .... ..<.. ....... .<(..... ........ ... You
could see a ten-headed hydra, 3 sheep and a quokka.

Vanquished Creatures
  A hydra (Lair:1)
  3 unseen horrors
  2 griffons (Lair:3)
  Maurice (D:11)
  A siren (Lair:3)
  A centaur zombie (D:11)
  Psyche (D:11)
  2 spiny frogs
  A centaur skeleton (D:11)
  2 komodo dragons
  A merfolk (Lair:3)
  A two-headed ogre (D:7)
  7 blink frogs
  A trapdoor spider zombie (D:11)
  A basilisk (Lair:3)
  A shadow (D:11)
  A human (D:8)
  19 yaks
  5 hippogriffs
  A soldier ant (D:10)
  A mottled dragon (D:11)
  11 wolves (Lair:2)
  3 water moccasins
  3 eyes of draining (D:4)
  8 orc warriors
  4 porcupines (Lair:2)
  3 black bears
  3 ice beasts
  2 sky beasts
  A yellow wasp (D:10)
  2 ogres
  A boring beetle (Lair:3)
  4 centaurs
  7 crocodiles
  A phantom (D:10)
  17 giant frogs
  A gnoll sergeant (D:6)
  2 big kobolds
  6 scorpions
  A water moccasin skeleton (D:7)
  10 killer bees
  An electric eel (Lair:1)
  15 wights
  6 crimson imps
  2 goliath beetles
  3 giant frog zombies
  A quasit (D:5)
  7 jellies
  Crazy Yiuf (D:2)
  5 orc priests
  A giant frog skeleton (D:11)
  A human zombie (D:8)
  4 iguanas
  10 hounds
  10 orc wizards
  10 worker ants
  4 sheep
  Jessica (D:2)
  3 hound skeletons
  Terence (D:3)
  2 worker ant zombies
  2 river rats
  A gnoll (D:4)
  4 shadow imps
  22 adders
  3 giant mites
  2 worms
  An adder zombie (D:9)
  An adder skeleton (D:4)
  7 giant geckos
  3 oozes
  51 orcs
  2 ball pythons
  2 bat skeletons
  15 goblins
  21 hobgoblins
  18 jackals
  19 kobolds
  7 quokkas
  8 bats
  3 giant cockroaches
  A giant gecko zombie (D:5)
  3 giant newts
  A goblin skeleton (D:8)
  14 rats
  A rat zombie (D:7)
  16 ballistomycetes
460 creatures vanquished.

Vanquished Creatures (collateral kills)
  A hydra (Lair:2)
  Urug (D:10)
  2 sirens (Lair:3)
  6 yaks (D:11)
  A wyvern (D:11)
11 creatures vanquished.

Vanquished Creatures (others)
  3 giant spores
  A hobgoblin zombie (D:11)
  A fungus (Lair:2)
  A plant (D:11)
6 creatures vanquished.

Grand Total: 477 creatures vanquished

Notes
Turn   | Place    | Note
--------------------------------------------------------------
     0 | D:1      | stonewall, the Mummy Arcane Marksman, began the quest for the Orb.
     0 | D:1      | Reached XP level 1. HP: 15/15 MP: 2/2
   369 | D:1      | Reached XP level 2. HP: 22/22 MP: 3/3
  1097 | D:2      | Reached skill level 3 in Fighting
  1097 | D:2      | Reached XP level 3. HP: 27/29 MP: 4/4
  1158 | D:2      | Found a burning altar of Makhleb.
  1471 | D:2      | Noticed Crazy Yiuf
  1480 | D:2      | Killed Crazy Yiuf
  1480 | D:2      | Reached XP level 4. HP: 6/37 MP: 2/5
  1897 | D:2      | Found a shattered altar of Ashenzari.
  2006 | D:2      | Noticed Jessica
  2009 | D:2      | Killed Jessica
  2009 | D:2      | Reached skill level 4 in Fighting
  2541 | D:3      | Reached XP level 5. HP: 38/43 MP: 7/7
  2545 | D:3      | Reached skill level 5 in Fighting
  3182 | D:4      | Reached skill level 1 in Staves
  3195 | D:4      | Noticed an eye of draining
  3198 | D:4      | Noticed an eye of draining
  3199 | D:4      | Noticed an eye of draining
  3199 | D:4      | Found a bloodstained altar of Trog.
  3227 | D:4      | Killed an eye of draining
  3227 | D:4      | Reached XP level 6. HP: 47/51 MP: 0/8
  3232 | D:4      | Killed an eye of draining
  3239 | D:4      | Killed an eye of draining
  3239 | D:4      | Reached XP level 7. HP: 54/56 MP: 1/9
  3313 | D:4      | Became a worshipper of Trog the Wrathful
  4411 | D:3      | Acquired Trog's first power
  4458 | D:3      | Reached skill level 5 in Staves
  4467 | D:3      | Noticed Terence
  4483 | D:3      | Killed Terence
  4609 | D:5      | Entered Level 5 of the Dungeon
  4679 | D:5      | Found a staircase to the Ecumenical Temple.
  4717 | D:5      | Acquired Trog's second power
  4722 | D:5      | Got a distressingly furry helmet
  4728 | D:5      | Identified the cursed +0 helmet "Anleaxur" {Str+2 Dex+3} (You found it on level 5 of the Dungeon)
  4930 | D:5      | Reached skill level 6 in Staves
  4944 | D:5      | Reached XP level 8. HP: 60/63 MP: 10/10
  5370 | D:6      | Reached skill level 7 in Staves
  5542 | D:6      | Reached skill level 8 in Staves
  5644 | D:6      | Acquired Trog's third power
  6407 | D:6      | Reached XP level 9. HP: 61/68 MP: 11/11
  6489 | D:6      | Reached skill level 9 in Staves
  7044 | D:7      | Reached skill level 10 in Staves
  7303 | D:7      | Found a shimmering altar of Xom.
  7631 | D:8      | Found a white marble altar of Elyvilon.
  7711 | D:8      | Found a runed door.
  7715 | D:8      | Found a basalt altar of Yredelemnul.
  7728 | D:8      | Reached skill level 11 in Staves
  7785 | D:8      | Found a glowing golden altar of the Shining One.
  7887 | D:8      | Reached XP level 10. HP: 74/74 MP: 13/13
  8071 | D:8      | Identified a scroll of acquirement
  8118 | D:9      | Found a staircase to the Orcish Mines.
  9102 | D:9      | Found a white marble altar of Elyvilon.
  9118 | D:9      | Received a gift from Trog
  9152 | D:9      | Found an opulent altar of Gozag.
  9153 | D:9      | Found an iron altar of Okawaru.
  9208 | D:9      | Found a sparkling altar of Nemelex Xobeh.
  9208 | D:9      | Noticed a centaur warrior
  9290 | D:10     | Entered Level 10 of the Dungeon
  9330 | D:10     | Reached skill level 12 in Staves
  9828 | D:10     | Noticed Urug
 10461 | D:10     | Killed an unseen horror
 10461 | D:10     | Reached skill level 13 in Staves
 10461 | D:10     | Reached XP level 11. HP: 73/80 MP: 14/14
 10622 | D:10     | Received a gift from Trog
 10716 | D:10     | Killed Urug
 11366 | D:11     | Noticed Psyche
 11387 | D:11     | Killed Psyche
 11407 | D:11     | Noticed Maurice
 11424 | D:11     | Killed Maurice
 11540 | D:11     | Received a gift from Trog
 11564 | D:11     | Got a warped hunting sling {god gift}
 11565 | D:11     | Identified the +2 hunting sling of Sudden Death {venom, Str+2} (Trog gifted it to you on level 11 of the Dungeon)
 11608 | D:11     | Reached skill level 14 in Staves
 11723 | D:11     | Found a staircase to the Lair.
 11875 | D:11     | Reached skill level 1 in Armour
 11926 | D:11     | Killed an unseen horror
 12478 | D:11     | Killed an unseen horror
 13009 | Lair:1   | Entered Level 1 of the Lair of Beasts
 13409 | Lair:1   | Reached XP level 12. HP: 80/92 MP: 15/15
 13438 | Lair:1   | Noticed a four-headed hydra
 13449 | Lair:1   | Killed a four-headed hydra
 14946 | Lair:2   | Reached skill level 5 in Armour
 15248 | Lair:2   | Noticed a five-headed hydra
 15297 | Lair:2   | Killed a six-headed hydra
 15713 | Lair:2   | Received a gift from Trog
 16527 | Lair:3   | Found a staircase to the Shoals.
 17182 | Lair:4   | Noticed a five-headed hydra
 17219 | Lair:4   | HP: 4/97 [ten-headed hydra (9)]
 17219 | Lair:4   | Slain by a ten-headed hydra

Action                   |  1- 3 |  4- 6 |  7- 9 | 10-12 || total
-------------------------+-------+-------+-------+-------++-------
Melee: Quarterstaff      |       |   167 |   518 |   995 ||  1680
       Lajatang          |       |       |       |   102 ||   102
 Fire: Hunting sling     |   134 |       |       |       ||   134
Throw: Stone             |       |       |       |     1 ||     1
Invok: Brothers in Arms  |       |       |       |     4 ||     4
Evoke: Wand              |       |       |       |    10 ||    10
  Use: Scroll            |       |     2 |     5 |    16 ||    23
 Stab: Paralysed         |       |     1 |    18 |    18 ||    37
       Petrifying        |       |       |     1 |     3 ||     4
       Confused          |       |       |       |     3 ||     3
